 Dungeon Crawl Stone Soup version 0.21.1-1-g345015fe64 (webtiles) character file.

364 LevaFresel the Slasher (level 7, -1/54 HPs)
             Began as a Human Fighter on June 8, 2018.
             Killed from afar by an orc wizard (7 damage)
             ... with a puff of flame
             ... on level 4 of the Dungeon.
             The game lasted 00:12:43 (2628 turns).

LevaFresel the Slasher (Human Fighter)              Turns: 2628, Time: 00:12:43

Health: -1/54      AC: 11    Str: 23    XL:     7   Next: 0%
Magic:  7/7        EV:  9    Int:  8    God:
Gold:   134        SH: 10    Dex: 13    Spells: 6/6 levels left

rFire    . . .     SeeInvis .   a - +1 long sword
rCold    . . .     Gourm    .   c - +0 shield
rNeg     . . .     Faith    .   m - +4 ring mail
rPois    .         Spirit   .   (no helmet)
rElec    .         Reflect  .   r - +0 cloak
rCorr    .         Harm     .   (no gloves)
MR       .....                  (no boots)
Stlth    +.........             e - amulet of rage
HPRegen  0.18/turn              (no ring)
MPRegen  0.10/turn              (no ring)

@: mighty
A: no striking features
a: Evoke Berserk Rage


You were on level 4 of the Dungeon.
You were not hungry.

You visited 1 branch of the dungeon, and saw 4 of its levels.

You collected 134 gold pieces.

Inventory:

Hand Weapons
 a - a +1 long sword (weapon)
Missiles
 o - 5 javelins (quivered)
Armour
 c - a +0 shield (worn)
 m - a +4 ring mail (worn)
 r - a +0 cloak (worn)
Jewellery
 e - an amulet of rage (around neck)
 u - a +5 ring of protection {unknown}
Scrolls
 b - a scroll of enchant armour
 h - 2 scrolls of teleportation {unknown}
 i - 3 scrolls of enchant weapon
 n - a scroll of immolation {unknown}
 p - a scroll of blinking {unknown}
 s - a scroll of random uselessness {unknown}
 t - a scroll of noise {unknown}
Potions
 g - a potion of degeneration {unknown}
 j - 2 potions of agility {unknown}
 k - a potion of ambrosia {unknown}
 l - a potion of flight {unknown}
 q - a potion of curing {unknown}
Comestibles
 f - 7 rations


   Skills:
 + Level 4.0 Fighting
 * Level 4.2 Long Blades
 + Level 4.0 Armour
 + Level 2.3 Dodging
 + Level 3.9 Shields


You had 6 spell levels left.
You didn't know any spells.

Dungeon Overview and Level Annotations

Branches:
Dungeon (4/15)
 Temple: D:4-7

Altars:
Hepliaklqana
Trog


Message History

The orc wizard hits you but does no damage.
You are electrocuted!
* * * LOW HITPOINT WARNING * * *
You feel very mighty all of a sudden. The orc wizard barely misses you.
The orc wizard hits you but does no damage.
You closely miss the orc wizard.
The orc wizard is severely wounded.
You block the orc wizard's attack.
The orc wizard casts a spell.
The orc wizard seems to speed up.
The orc wizard hits you with a dagger of electrocution.
* * * LOW HITPOINT WARNING * * *
The orc wizard mumbles some strange words.
The orc wizard blinks!
You closely miss the orc wizard.
The orc wizard is severely wounded.
The orc wizard casts a spell at you. The puff of flame hits you!
You die...

#.##...##.###
##.###.# #.# #.# #.#
#.# .###.# #.# ....#
#.# (. #.##########
#ยง##[.........#
#.o@.....####.######
########.#..........
#...######### #####


You could see an orc wizard.

Vanquished Creatures
  A bullfrog (D:3)
  A scorpion (D:4)
  A hound (D:3)
  Crazy Yiuf (D:3)
  An orc priest (D:4)
  A centaur skeleton (D:4)
  An iguana (D:4)
  4 adders
  2 worms (D:4)
  A dart slug (D:2)
  6 leopard geckos
  4 orcs
  2 giant cockroaches (D:1)
  5 goblins
  3 hobgoblins
  5 kobolds
  3 quokkas
  3 bats
  5 frilled lizards
  7 rats
57 creatures vanquished.

Notes
Turn   | Place    | Note
-------+----------+-------------------------------------------
     0 | D:1      | LevaFresel the Human Fighter began the quest for the Orb.
     0 | D:1      | Reached XP level 1. HP: 18/18 MP: 1/1
   117 | D:1      | Reached XP level 2. HP: 21/24 MP: 2/2
   274 | D:2      | Found a bloodstained altar of Trog.
   456 | D:2      | Reached XP level 3. HP: 29/29 MP: 3/3
   832 | D:2      | Reached XP level 4. HP: 35/35 MP: 4/4
   838 | D:2      | Found a hazy altar of Hepliaklqana.
  1015 | D:2      | Reached skill level 1 in Dodging
  1495 | D:3      | Found a runed door.
  1501 | D:3      | Noticed Crazy Yiuf
  1506 | D:3      | Killed Crazy Yiuf
  1573 | D:4      | Noticed a bullfrog
  1589 | D:3      | Killed a bullfrog
  1589 | D:3      | Reached XP level 5. HP: 16/41 MP: 5/5
  1594 | D:3      | Reached XP level 6. HP: 19/48 MP: 6/6
  2618 | D:4      | Reached XP level 7. HP: 54/54 MP: 7/7
  2628 | D:4      | Killed from afar by an orc wizard

Skill      XL: |  1  2  3  4  5  6 |
---------------+-------------------+-----
Dodging        | 1 2 |  2.3
Long Blades    | 3 4 |  4.2
Fighting       | 4 |  4.0
Armour         | 4 |  4.0
Shields        | |  3.9

Action                   |  1- 3 |  4- 6 |  7- 9 || total
-------------------------+-------+-------+-------++-------
Melee: Long sword        |    78 |   157 |     5 ||   240
Throw: Javelin           |       |     8 |       ||     8
 Abil: Evoke Berserk Rag |       |     3 |       ||     3
  Use: Scroll            |       |     5 |       ||     5
       Potion            |       |       |     1 ||     1
  Eat: Ration            |       |     2 |       ||     2
       Chunk             |       |     3 |       ||     3
Armor: Scale mail        |    36 |    18 |       ||    54
       Fire dragon scale |       |    28 |       ||    28
       Ring mail         |       |    29 |     6 ||    35
Dodge: Dodged            |    23 |    65 |     1 ||    89
Block: Shield            |    41 |    99 |     1 ||   141
       Rpst.: Long sword |     7 |    21 |       ||    28
